 Dungeon Sprint DCSS version 0.29.1-12-g30fa7ad0bf (webtiles) character file.

Game seed: 5948503285667911319

36682 Groucho the Earth Mage (level 13, -62/55 HPs)
             Began as a Spriggan Earth Elementalist on Dec 27, 2022.
             Was the Champion of Vehumet.
             Blown up by a lich (111 damage)
             ... with an orb of destruction
             ... in the Dungeon (Sprint VII: "The Pits").
             The game lasted 00:37:57 (16430 turns).

Groucho the Earth Mage (SpEE)                      Turns: 16430, Time: 00:37:58

Health: -62/55     AC:  6    Str:  8    XL:     13   Next: 54%
Magic:  2/36       EV: 33    Int: 17    God:    Vehumet [******]
Gold:   4          SH:  0    Dex: 16    Spells: 15/48 levels left

rFire   . . .      SeeInvis +   r - +8 quarterstaff (speed)
rCold   . . .      Faith    .   (shield currently unavailable)
rNeg    . . .      Spirit   .   a - +0 robe
rPois   .          Reflect  .   (helmet restricted)
rElec   .          Harm     .   h - +0 cloak
rCorr   .          Rampage  .   (gloves unavailable)
Will    ++...      NoTele   +   (boots unavailable)
Stlth   ++........              (no amulet)
HPRegen 0.18/turn               n - +3 ring of evasion
MPRegen 0.25/turn               o - +3 ring of protection

@: very quick
A: very small, no large weapons, unfitting armour, see invisible, speed 3
a: Renounce Religion


You were in the Dungeon.
You worshipped Vehumet.
Vehumet was exalted by your worship.
You visited 1 branch You collected 4 gold pieces.

Inventory:

Hand Weapons
 r - a +8 quarterstaff of speed (weapon)
Missiles
 j - 14 stones
Armour
 a - a +0 robe (worn)
 g - a +1 robe of willpower
 h - a +0 cloak (worn)
 x - the +3 robe of Clouds {*Thunder rCloud rElec}
   (You found it in the Dungeon)

   It occasionally creates storm clouds above nearby enemies.
   It grants its wearer immunity to clouds.
   rElec:     It insulates you from electricity.
Jewellery
 m - a ring of protection from fire
 n - a +3 ring of evasion (left hand)
 o - a +3 ring of protection (right hand)
 u - a ring of willpower
Wands
 s - a wand of flame (3)
Scrolls
 k - 5 scrolls of amnesia
 l - a scroll of summoning
 v - a scroll of fear
 w - 3 scrolls of fog
 y - 4 scrolls of enchant armour
 z - 2 scrolls of identify
Potions
 b - 2 potions of magic
 c - 10 potions of curing
 d - 17 potions of heal wounds
 e - 3 potions of haste
 f - 3 potions of berserk rage
 i - 3 potions of invisibility
 p - a potion of might
 q - a potion of mutation
 t - 2 potions of brilliance


   Skills:
 - Level 18.3 Dodging
 - Level 3.0 Stealth
 + Level 18.0 Spellcasting
 * Level 15.6 Conjurations
 - Level 11.5 Transmutations
 - Level 7.0 Fire Magic
 * Level 19.5 Earth Magic


You had 15 spell levels left.
You knew the following spells:

 Your Spells              Type           Power      Damage    Failure   Level
a - Sandblast             Erth           100%       2d20      0%          1
b - Passwall              Tmut/Erth      51%        N/A       0%          2
c - Stone Arrow           Conj/Erth      100%       3d13      0%          3
d - Lee's Rapid Deconstr  Erth           34%        3d18*     1%          5
e - Fireball              Conj/Fire      26%        3d12      1%          5
f - Lehudib's Crystal Sp  Conj/Erth      33%        10d8      5%          8
g - Shatter               Erth           34%        3d28*     30%         9

Your spell library contained the following spells:

 Spells                   Type           Power      Damage    Failure   Level
 Ignition                 Fire           19%        3d7       96%         8
 Petrify                  Tmut/Erth      62%        N/A       1%          4


Dungeon Overview and Level Annotations

Branches:
Dungeon (1/1)

Altars:
Ashenzari
Cheibriados
Dithmenos
Elyvilon
Fedhas
Gozag
Hepliaklqana
Kikubaaqudgha
Makhleb
Nemelex Xobeh
Okawaru
Qazlal
Ru
Sif Muna
Trog
Uskayaw
Vehumet
Wu Jian
Xom
Yredelemnul
Zin
The Shining One
Jiyva
Lugonu


Innate Abilities, Weirdness & Mutations

You are very small and have problems with some larger weapons.
You are too small for most types of armour.
You have supernaturally acute eyesight. (SInv)
You cover ground extremely quickly. (Speed+++)


Message History

You feel your power returning.
Your Spellcasting skill increases to level 18!
Unknown command.
Unknown command.
Casting: Lee's Rapid Deconstruction (safe; 1% risk of failure)
Confirm with . or Enter, or press ? or * to list all spells.
Aiming: Stone Arrow (safe; 0% risk of failure)
Press: ? - help, Shift-Dir - straight line, f - lich
Aim: a lich (fast, 78% to hit)
The stone arrow hits the lich!
The lich is moderately damaged.
Unknown command.
Unknown command.
Casting: Stone Arrow (safe; 0% risk of failure)
Confirm with . or Enter, or press ? or * to list all spells.
The spell is extremely dangerous to miscast (5% risk of failure)!
Continue anyway?
Aiming: Lehudib's Crystal Spear (extremely dangerous; 5% risk of failure)
Press: ? - help, Shift-Dir - straight line, f/p - lich
Aim: a lich (lightly damaged, fast, 79% to hit)
The crystal spear hits the lich!!
The lich is heavily damaged.
Unknown command.
Unknown command.
Things that are here:
a +0 dire flail; a +0 dire flail
Things that are here:
a +0 dagger; a +0 robe
Casting: Lehudib's Crystal Spear (extremely dangerous; 5% risk of failure)
Confirm with . or Enter, or press ? or * to list all spells.
Aiming: Stone Arrow (safe; 0% risk of failure)
Press: ? - help, Shift-Dir - straight line, f/p - lich
Aim: a lich (heavily damaged, fast, 78% to hit)
The stone arrow hits the lich!
The lich is severely damaged.
The lich barely misses you.
The lich conjures an orb of pure magic.
An orb of destruction comes into view.
The orb of destruction hits you!!!!
Ouch! That really hurt!
You die...

+###############################+
........)....).....L........V....
...)..)[))).))..@☼○○○))O.d....V.)
.##############''##############).
.#))'...'))#........#[['...'[[#.)
)#))#...#))#........#[[#...#[[#..
.####...#######))#######...####.)
.#.........#........#.........#..
.#..........)....).......)....#O)
.#.........#........#.........#qZ
.##'###'##.####..####.##'###'##..


You could see a lich (fast) and an ogre mage (invisible).

Vanquished Creatures
  A nagaraja (D)
  2 orc warlords (D)
  A draconian annihilator (D)
  An ettin (D)
  A yaktaur captain (D)
  Harold (D)
  A hydra (D)
  5 vault guards (D)
  Erolcha (D)
  A centaur warrior (D)
  An ogre mage (D)
  5 two-headed ogres (D)
  A death knight (D)
  4 naga warriors (D)
  A vampire mage (D)
  An orc high priest (D)
  A deep elf knight (D)
  A shadow wraith (D)
  A deep troll (D)
  2 swamp dragons (D)
  A wizard (D)
  A deep elf zephyrmancer (D)
  3 phantasmal warriors (D)
  11 orc knights (D)
  2 deep elf pyromancers (D)
  2 cyclopes (D)
  A black mamba (D)
  A cane toad (D)
  A demonic crawler (D)
  A rime drake (D)
  2 ice devils (D)
  2 freezing wraiths (D)
  A troll (D)
  A tyrant leech (D)
  A hellwing (D)
  Prince Ribbit (D)
  5 slime creatures (D)
  A snapping turtle (D)
  2 jumping spiders (D)
  A culicivora (D)
  2 spriggans (D)
  An air elemental (D)
  4 redbacks (D)
  A steam dragon (D)
  A neqoxec (D)
  A warg (D)
  A floating eye (D)
  An acid dragon (D)
  5 orc warriors (D)
  3 ogres (D)
  10 wolves (D)
  A bullfrog (D)
  A jelly (D)
  A gnoll bouda (D)
  A hound (D)
  Crazy Yiuf (D)
  3 orc wizards (D)
  A mummy (D)
  7 gnolls (D)
  2 river rats (D)
  An ufetubus (D)
  10 orcs (D)
  2 ball pythons (D)
  A bat skeleton (D)
  An endoplasm (D)
  3 goblins (D)
  A quokka (D)
  2 frilled lizards (D)
  2 rats (D)
145 creatures vanquished.

Notes
Turn   | Place    | Note
-------+----------+-------------------------------------------
     0 | D        | Groucho the Spriggan Earth Elementalist began the quest for
                  | the Orb.
     0 | D        | Reached XP level 1. HP: 9/9 MP: 5/5
    10 | D        | Reached skill level 3 in Earth Magic
    39 | D        | Found a bloodstained altar of Trog.
    39 | D        | Found a shimmering blue altar of Sif Muna.
    39 | D        | Found a viscous altar of Jiyva.
    39 | D        | Found a hazy altar of Hepliaklqana.
    39 | D        | Found an opulent altar of Gozag.
    40 | D        | Found a glowing golden altar of the Shining One.
    40 | D        | Found a glowing silver altar of Zin.
    40 | D        | Found a basalt altar of Yredelemnul.
    40 | D        | Found a shimmering altar of Xom.
    40 | D        | Found an ornate altar of the Wu Jian Council.
    40 | D        | Found a sacrificial altar of Ru.
    40 | D        | Found a stormy altar of Qazlal.
    40 | D        | Found an iron altar of Okawaru.
    40 | D        | Found a sparkling altar of Nemelex Xobeh.
    40 | D        | Found a burning altar of Makhleb.
    40 | D        | Found a blossoming altar of Fedhas.
    40 | D        | Found a white marble altar of Elyvilon.
    40 | D        | Found a shadowy altar of Dithmenos.
    40 | D        | Found a snail-covered altar of Cheibriados.
    42 | D        | Found a radiant altar of Vehumet.
    42 | D        | Found a corrupted altar of Lugonu.
    43 | D        | Found a hide-covered altar of Uskayaw.
    43 | D        | Found an ancient bone altar of Kikubaaqudgha.
    43 | D        | Found a broken altar of Ashenzari.
    50 | D        | Became a worshipper of Vehumet
    75 | D        | Reached XP level 2. HP: 13/13 MP: 1/7
    78 | D        | Learned a level 2 spell: Passwall
   421 | D        | Noticed a floating eye
   424 | D        | Killed a floating eye
   424 | D        | Reached * piety under Vehumet
   424 | D        | Offered knowledge of Shock by Vehumet.
   425 | D        | Reached skill level 5 in Spellcasting
   425 | D        | Reached skill level 5 in Transmutations
   425 | D        | Reached skill level 6 in Earth Magic
   425 | D        | Reached XP level 3. HP: 16/16 MP: 4/11
   425 | D        | Reached XP level 4. HP: 21/21 MP: 4/12
  1160 | D        | Learned a level 3 spell: Stone Arrow
  1174 | D        | Offered knowledge of Searing Ray by Vehumet.
  1174 | D        | Reached ** piety under Vehumet
  1351 | D        | Noticed a bullfrog
  1351 | D        | Noticed an ogre
  1437 | D        | Killed an ogre
  1437 | D        | Offered knowledge of Mephitic Cloud by Vehumet.
  1438 | D        | Reached skill level 7 in Earth Magic
  1438 | D        | Reached XP level 5. HP: 24/24 MP: 9/15
  1488 | D        | Reached *** piety under Vehumet
  1501 | D        | Noticed a wolf
  1505 | D        | Reached skill level 1 in Conjurations
  1505 | D        | Reached XP level 6. HP: 28/28 MP: 14/17
  1520 | D        | Reached skill level 8 in Earth Magic
  1529 | D        | Reached **** piety under Vehumet
  1923 | D        | Offered knowledge of Inner Flame by Vehumet.
  1928 | D        | Noticed a spriggan
  1930 | D        | Killed a spriggan
  1931 | D        | Reached XP level 7. HP: 32/32 MP: 13/19
  2270 | D        | Offered knowledge of Lee's Rapid Deconstruction by Vehumet.
  2279 | D        | Reached ***** piety under Vehumet
  2280 | D        | Reached skill level 9 in Earth Magic
  2643 | D        | Learned a level 5 spell: Lee's Rapid Deconstruction
  2998 | D        | Noticed a redback
  2998 | D        | Noticed a deep elf pyromancer
  2998 | D        | Noticed a deep elf pyromancer
  3003 | D        | Offered knowledge of Yara's Violent Unravelling by Vehumet.
  3007 | D        | Killed a redback
  3007 | D        | Noticed a deep elf knight
  3009 | D        | Noticed a fire elemental
  3009 | D        | Killed a deep elf pyromancer
  3010 | D        | Reached skill level 10 in Dodging
  3010 | D        | Reached skill level 5 in Conjurations
  3010 | D        | Reached skill level 10 in Earth Magic
  3010 | D        | Reached XP level 8. HP: 36/36 MP: 8/22
  3026 | D        | Killed a deep elf knight
  3027 | D        | Reached skill level 10 in Spellcasting
  3027 | D        | Reached skill level 10 in Transmutations
  3034 | D        | Killed a deep elf pyromancer
  3035 | D        | Reached skill level 11 in Earth Magic
  3035 | D        | Reached XP level 9. HP: 39/39 MP: 17/24
  3064 | D        | Noticed a deep elf zephyrmancer
  3072 | D        | Killed a deep elf zephyrmancer
  3657 | D        | Noticed Prince Ribbit
  3664 | D        | Killed Prince Ribbit
  3664 | D        | Offered knowledge of Spellforged Servitor by Vehumet.
  4177 | D        | Noticed a cyclops
  4195 | D        | Killed a cyclops
  4196 | D        | Reached skill level 12 in Earth Magic
  4560 | D        | Noticed a rime drake
  4562 | D        | Killed a rime drake
  4778 | D        | Noticed a cane toad
  4783 | D        | Killed a cane toad
  4784 | D        | Reached XP level 10. HP: 44/44 MP: 13/26
  5107 | D        | Noticed a cyclops
  5115 | D        | Killed a cyclops
  5689 | D        | Noticed an orc high priest
  5691 | D        | Killed an orc high priest
  5692 | D        | Reached skill level 13 in Earth Magic
  5714 | D        | Reached ****** piety under Vehumet
  5714 | D        | Offered knowledge of Irradiate by Vehumet.
  6321 | D        | Noticed a shadow wraith
  6323 | D        | Noticed a death knight
  6345 | D        | Killed a shadow wraith
  6346 | D        | Reached skill level 10 in Conjurations
  6448 | D        | Killed a death knight
  6449 | D        | Reached skill level 14 in Earth Magic
  6800 | D        | Noticed a two-headed ogre
  6800 | D        | Noticed a two-headed ogre
  6801 | D        | Noticed an ogre mage
  6801 | D        | Noticed a two-headed ogre
  6812 | D        | Noticed a black mamba
  6814 | D        | Killed a black mamba
  6817 | D        | Killed a two-headed ogre
  6818 | D        | Reached XP level 11. HP: 47/47 MP: 17/29
  6818 | D        | Killed a two-headed ogre
  6989 | D        | Offered knowledge of Fireball by Vehumet.
  7093 | D        | Noticed Crazy Yiuf
  7096 | D        | Killed Crazy Yiuf
  7457 | D        | Noticed a two-headed ogre
  7463 | D        | Killed a two-headed ogre
  7464 | D        | Reached skill level 15 in Dodging
  7464 | D        | Noticed a two-headed ogre
  7467 | D        | Reached skill level 15 in Earth Magic
  7472 | D        | Killed an ogre mage
  7488 | D        | Killed a two-headed ogre
  7501 | D        | Killed a two-headed ogre
  7738 | D        | Learned a level 5 spell: Fireball
  7757 | D        | Offered knowledge of Conjure Ball Lightning by Vehumet.
  8010 | D        | Noticed a deep troll
  8020 | D        | Killed a deep troll
  8021 | D        | Reached skill level 1 in Fire Magic
  8338 | D        | Noticed Harold
  8601 | D        | Killed Harold
  8630 | D        | Noticed an orc knight
  8665 | D        | Killed an orc knight
  8665 | D        | Offered knowledge of Ozocubu's Refrigeration by Vehumet.
  8666 | D        | Reached skill level 16 in Earth Magic
  9055 | D        | Noticed a vampire mage
  9066 | D        | Killed a vampire mage
  9068 | D        | Reached XP level 12. HP: 51/51 MP: 16/31
  9225 | D        | Reached skill level 15 in Spellcasting
  9236 | D        | Offered knowledge of Maxwell's Capacitive Coupling by
                  | Vehumet.
  9540 | D        | Noticed Erolcha
  9908 | D        | Killed Erolcha
  9909 | D        | Reached skill level 5 in Fire Magic
 10268 | D        | Noticed a centaur warrior
 10281 | D        | Killed a centaur warrior
 10669 | D        | Noticed a six-headed hydra
 10686 | D        | Killed a six-headed hydra
 11229 | D        | Noticed an ettin
 11247 | D        | Killed an ettin
 11251 | D        | Offered knowledge of Lehudib's Crystal Spear by Vehumet.
 11251 | D        | Offered knowledge of Shatter by Vehumet.
 11251 | D        | Offered knowledge of Ignition by Vehumet.
 11664 | D        | Noticed an orc warlord
 11664 | D        | Noticed an orc warlord
 12007 | D        | Reached skill level 17 in Earth Magic
 12062 | D        | Killed an orc warlord
 12273 | D        | Noticed a yaktaur captain
 12280 | D        | Killed a yaktaur captain
 13023 | D        | Noticed a naga warrior
 13026 | D        | Killed a naga warrior
 13661 | D        | Reached skill level 18 in Earth Magic
 13661 | D        | Reached XP level 13. HP: 53/55 MP: 19/34
 15033 | D        | Killed an orc warlord
 15560 | D        | Reached skill level 15 in Conjurations
 15928 | D        | Reached skill level 19 in Earth Magic
 15941 | D        | Learned a level 8 spell: Lehudib's Crystal Spear
 15951 | D        | Learned a level 9 spell: Shatter
 15955 | D        | Noticed a nagaraja
 15966 | D        | Killed a nagaraja
 16262 | D        | Found the +3 robe of Clouds {*Thunder rCloud rElec}
 16392 | D        | Noticed a yellow draconian annihilator
 16393 | D        | Noticed a lich
 16394 | D        | Noticed a red draconian
 16416 | D        | Killed a yellow draconian annihilator
 16430 | D        | Blown up by a lich

Illustrated notes

Levels and vault maps discovered:
D:        pitsprint [storerooms_1, entrance_room_1, metal_vault_6, armoury_2,
          mini_pit_1, grid_room_1, main_hall_1, silver_pit, the_coven_1,
          the_vestibule_1, steel_vault_1, golden_pit, hallway_of_sentries,
          crystal_vault_6, iron_vault_3, final_vault]

Skill      XL: |  1  2  3  4  5  6  7  8  9 10 11 12 13 |
---------------+----------------------------------------+-----
Dodging        | 3 6 7 8 10 11 12 14 16 18 | 18.3
Earth Magic    | 3 6 7 8 10 11 12 14 16 18 19 | 19.5
Spellcasting   | 3 5 6 7 8 9 10 11 13 14 16 18 | 18.0
Transmutations | 2 5 6 7 8 9 10 11 | 11.5
Conjurations   | 1 3 5 7 8 10 12 14 15 | 15.6
Fire Magic     | 4 7 |  7.0
Stealth        | |  3.0

Action                   |  1- 3 |  4- 6 |  7- 9 | 10-12 | 13-15 || total
-------------------------+-------+-------+-------+-------+-------++-------
Melee: Quarterstaff      |       |       |       |    10 |     1 ||    11
 Cast: Sandblast         |     8 |    26 |     6 |    38 |    10 ||    88
       Stone Arrow       |       |     1 |    34 |   148 |    72 ||   255
       Lee's Rapid Decon |       |       |     5 |    59 |    24 ||    88
       Fireball          |       |       |       |     1 |       ||     1
       Lehudib's Crystal |       |       |       |       |     1 ||     1
Evoke: Wand              |       |       |       |     3 |       ||     3
  Use: Potion            |       |     1 |     1 |     1 |     3 ||     6
       Scroll            |       |       |       |     5 |       ||     5
Armor: Robe              |       |     1 |       |     7 |       ||     8
Dodge: Dodged            |     2 |    14 |    15 |    60 |    11 ||   102
